 Dungeon Crawl Stone Soup version 0.28-a0-1199-gef9e1dbd39 (webtiles) character file.

Game seed: 6929374463497079847

185 fragbeetle the Poker (level 5, -5/41 HPs)
             Began as a Merfolk Gladiator on Dec 20, 2021.
             Slain by a steam dragon (8 damage)
             ... on level 4 of the Dungeon.
             The game lasted 00:07:00 (2706 turns).

fragbeetle the Poker (Merfolk Gladiator)            Turns: 2706, Time: 00:07:00

Health: -5/41      AC:  8    Str: 16    XL:     5   Next: 64%
Magic:  5/5        EV: 13    Int: 14    God:
Gold:   141        SH:  0    Dex: 15    Spells: 4/4 levels left

rFire   . . .      SeeInvis .   a - +0 trident
rCold   . . .      Faith    .   (no shield)
rNeg    . . .      Spirit   .   f - +2 ring mail {Will+}
rPois   .          Reflect  .   c - +0 helmet
rElec   .          Harm     .   (no cloak)
rCorr   .          Rampage  .   (no gloves)
Will    +....                   (no boots)
Stlth   +.........              n - amulet of regeneration
HPRegen 0.93/turn               o - +6 ring of intelligence
MPRegen 0.09/turn               (no ring)

@: no status effects
A: (nimble swimmer 2), mertail
a: no special abilities


You were on level 4 of the Dungeon.
You visited 1 branch of the dungeon, and saw 4 of its levels.

You collected 141 gold pieces.

Inventory:

Hand Weapons
 a - a +0 trident (weapon)
Missiles
 d - 3 throwing nets
 e - 114 stones
 k - 13 poisoned darts (quivered)
 m - 2 javelins
Armour
 b - a +0 leather armour
 c - a +0 helmet (worn)
 f - a +2 ring mail of willpower (worn)
Jewellery
 n - an amulet of regeneration (around neck)
 o - a +6 ring of intelligence (left hand)
Scrolls
 g - a scroll of silence {unknown}
 i - 2 scrolls of identify {unknown}
Potions
 j - a potion of brilliance {unknown}
 l - a potion of haste {unknown}
 p - a potion of ambrosia {unknown}


   Skills:
 + Level 3.3 Fighting
 * Level 6.5 Polearms
 - Level 2.2 Throwing
 + Level 1.3 Armour
 + Level 5.1 Dodging


You had 4 spell levels left.
You didn't know any spells.
Your spell library contained the following spells:

 Spells                   Type           Power      Damage    Failure   Level
 Animate Skeleton         Necr           0%         N/A       50%         1
 Pain                     Necr           0%         1d4       50%         1
 Vampiric Draining        Necr           0%         2d6       86%         3


Dungeon Overview and Level Annotations

Branches:
Dungeon (4/15)
 Temple: D:4-7

Altars:

Shops:
D:3 :


Innate Abilities, Weirdness & Mutations

((You are quick and stealthy near water. (Stealth+, EV+, Speed+++)))
Your lower body shifts to a powerful aquatic tail in water.


Message History

The steam dragon is lightly wounded.
You hit the steam dragon.
The steam dragon is moderately wounded.
The steam dragon completely misses you. The steam dragon barely misses you.
You barely miss the steam dragon.
The steam dragon is moderately wounded.
The steam dragon barely misses you.
The steam dragon claws you but does no damage.
You barely miss the steam dragon.
The steam dragon is moderately wounded.
The steam dragon breathes steam at you. The ball of steam hits you!
You hear a shout!
You hit the steam dragon.
The steam dragon is heavily wounded.
You are engulfed in a cloud of scalding steam.
The steam dragon closely misses you.
The steam dragon claws you but does no damage.
You closely miss the steam dragon.
The steam dragon is heavily wounded.
You are engulfed in a cloud of scalding steam.
* * * LOW HITPOINT WARNING * * *
The steam dragon looks more healthy.
The steam dragon closely misses you. The steam dragon claws you.
* * * LOW HITPOINT WARNING * * *
You hit the steam dragon but do no damage.
The steam dragon is heavily wounded.
The steam dragon barely misses you. The steam dragon completely misses you.
You closely miss the steam dragon.
The steam dragon is heavily wounded.
The steam dragon closely misses you. The steam dragon claws you.
You hit the steam dragon.
The steam dragon is heavily wounded.
The steam dragon breathes steam at you. The ball of steam hits you!
* * * LOW HITPOINT WARNING * * *
Unknown command.
It was a potion of magic.
Magic courses through your body. The steam dragon bites you!
You die...

#. #. #.# ### ..
##... #.##
###...## #..#
###...#..#
#.###D@.####.##
#....§###..#..#
#(##.##....##.##
#§§#..#.....#..#
##.##.##....##.##
.D#..#..#.#...#
#.##.####...###
..#..#...###.#
#.##...###...##


You could see a steam dragon.

Vanquished Creatures
  A scorpion (D:4)
  A hound (D:4)
  4 adders
  2 dart slugs
  An orc (D:4)
  5 bats
  8 endoplasms
  2 giant cockroaches
  3 hobgoblins
  2 jackals (D:2)
  6 kobolds
  A quokka (D:2)
  11 ball pythons
  4 frilled lizards
  3 rats
54 creatures vanquished.

Notes
Turn   | Place    | Note
-------+----------+-------------------------------------------
     0 | D:1      | fragbeetle the Merfolk Gladiator began the quest for the
                  | Orb.
     0 | D:1      | Reached XP level 1. HP: 16/16 MP: 1/1
   139 | D:1      | Reached XP level 2. HP: 15/23 MP: 2/2
   589 | D:1      | Found a faded altar of an unknown god.
   894 | D:2      | Reached skill level 5 in Polearms
  1026 | D:2      | Reached XP level 3. HP: 21/28 MP: 3/3
  2097 | D:3      | Found Deff's Book Emporium.
  2266 | D:3      | Reached XP level 4. HP: 34/34 MP: 4/4
  2543 | D:4      | Noticed a scorpion
  2561 | D:4      | Reached skill level 6 in Polearms
  2561 | D:4      | Reached skill level 1 in Armour
  2569 | D:4      | Killed a scorpion
  2570 | D:4      | Reached skill level 5 in Dodging
  2570 | D:4      | Reached XP level 5. HP: 27/41 MP: 5/5
  2689 | D:4      | Noticed a steam dragon
  2704 | D:4      | HP: 1/41 [steam dragon/ball of steam (13)]
  2706 | D:4      | Slain by a steam dragon

Illustrated notes

Levels and vault maps discovered:
D:1:      dpeg_arrival_court, layout_basic, ebering_ecumenical_altar_mist,
          minmay_misc_feat_five, interstate_on_off, serial_park_tiny_pond,
          minivault_4, serial_bayou_pond_d
D:2:      layout_basic
D:3:      layout_basic, serial_shops, nicolae_shop_hallway_stairs,
          serial_bayou_pond_d, chequers_garden, dk_noncrumbling_4,
          minmay_misc_feat_pillars, grunt_ministairs_7,
          kennysheep_generic_room_16
D:4:      minmay_skewed_foursquare, layout_basic,
          minmay_temple_entry_proselytizer, uniq_ijyb

Skill      XL: |  1  2  3  4 |
---------------+-------------+-----
Polearms       | 5 6 |  6.5
Fighting       | 3 |  3.3
Armour         | 1 |  1.3
Dodging        | 5 |  5.1
Throwing       | |  2.2

Action                   |  1- 3 |  4- 6 || total
-------------------------+-------+-------++-------
Melee: Trident           |   128 |    79 ||   207
Throw: Dart              |     2 |     3 ||     5
       Stone             |     2 |       ||     2
  Use: Potion            |       |     1 ||     1
 Stab: Sleeping          |     2 |       ||     2
Armor: Leather armour    |     9 |       ||     9
       Ring mail         |    26 |    18 ||    44
Dodge: Dodged            |    65 |    49 ||   114

Table legend: (Time is in decaauts)
 A = Elapsed time spent in this place.
 B = Non-inter-level travel time spent in this place.
 C = Inter-level travel time spent in this place.
 D = Time resting spent in this place.
 E = Time spent auto-exploring this place.
 F = Levels seen in this place.
 G = Mean time per level.
                   A        B        C        D        E       F      G
               +--------+--------+--------+--------+--------+-----+--------+
         Total |   2701 |   2636 |     65 |    259 |   1654 |   4 |  675.2 |
       Dungeon |   2701 |   2636 |     65 |    259 |   1654 |   4 |  675.2 |
               +--------+--------+--------+--------+--------+-----+--------+

Top non-repeatable levels by time:
     D:2: 1273 daAuts
     D:1: 820 daAuts
     D:3: 425 daAuts
     D:4: 182 daAuts
